[Event "European-ch Seniors 2018"]
[Site "Drammen"]
[Date "2018.08.07"]
[Round "4"]
[White "Vorotnikov, Vladislav V"]
[Black "Moe, Mogens"]
[Result "1-0"]
[ECO "B40"]
[WhiteElo "2445"]
[BlackElo "2150"]
[Annotator "NA"]
[PlyCount "93"]
[EventDate "2018.08.04"]
[EventType "swiss"]
[EventCountry "NOR"]
[SourceTitle "playchess.com"]
[Source "ChessBase"]
[SourceQuality "1"]
[TimeControl "40/5400+30:1800+30"]

1. e4 c5 2. Nf3 e6 3. b3 Nc6 4. Bb2 d6 5. g3 Nf6 6. d3 e5 7. Bg2 Be6 8. O-O h6 9. c3 Qd7 10. d4 Bh3 11. Nbd2 Bxg2 12. Kxg2 O-O-O 13. d5 Ne7 14. b4 cxb4 15. c4 b6 16. a3 bxa3 17. Rxa3 Kb8 18. c5 bxc5 19. Nc4 Nc8 20. Na5 Ka8 21. Nc6 Be7 22. Rb3 Qc7 23. Bc3 Nb6 24. Ba5 Rb8 25. Bxb6 Rxb6 26. Rxb6 Qxb6 27. Nxe7 Nxe4 28. Qc2 Nf6 29. Rb1 Qc7 30. Qa4 Rb8 31. Rxb8+ Kxb8 32. Nc6+ Ka8 33. Qc4 Nd7 34. Nd2 Nb6 35. Qd3 f5 36. Nc4 Nxc4 37. Qxc4 Qb7 38. h4 g6 39. Qa4 Qf7 40. f3 Qb7 41. Na5 Qc8 42. Nc4 Qc7 43. Qa6 Kb8 44. Nxd6 Qd7 45. Nb5 c4 46. d6 f4 47. Nxa7 1-0

[Event "European-ch Seniors 2018"]
[Site "Drammen"]
[Date "2018.08.07"]
[Round "4"]
[White "Bogdanov, Valentin"]
[Black "Ogaard, Leif"]
[Result "1/2-1/2"]
[ECO "D35"]
[WhiteElo "2356"]
[BlackElo "2386"]
[Annotator "NA"]
[PlyCount "128"]
[EventDate "2018.08.04"]
[EventType "swiss"]
[EventCountry "NOR"]
[SourceTitle "playchess.com"]
[Source "ChessBase"]
[SourceQuality "1"]
[TimeControl "40/5400+30:1800+30"]

1. d4 Nf6 2. c4 e6 3. Nc3 d5 4. cxd5 exd5 5. Bg5 Be7 6. e3 c6 7. Bd3 O-O 8. Qc2 Nbd7 9. Nge2 Re8 10. O-O Nf8 11. Nf4 Ng6 12. Nxg6 hxg6 13. Rab1 Ng4 14. Bxe7 Qc7 15. g3 Qxe7 16. Rbe1 Nh6 17. f3 Bh3 18. Rf2 Nf5 19. Bxf5 Bxf5 20. Qd2 Rad8 21. Ree2 g5 22. g4 Bg6 23. Na4 Rd6 24. Rf1 b6 25. b4 Re6 26. Rfe1 f5 27. h3 Rf8 28. Kg2 Ref6 29. Rf2 Qf7 30. Ref1 f4 31. exf4 Rxf4 32. Nc3 Qe7 33. a3 R4f7 34. Re1 Qf6 35. Re5 Re7 36. Rxg5 Rfe8 37. f4 Qd6 38. Re5 a5 39. f5 axb4 40. axb4 Bf7 41. Rxe7 Rxe7 42. Ne2 c5 43. bxc5 bxc5 44. Ng3 Rc7 45. f6 g6 46. Qg5 cxd4 47. Nf5 Qe6 48. Ne7+ Kf8 49. Nxg6+ Ke8 50. Ne5 d3 51. Qf4 Rc4 52. Nxc4 dxc4 53. Rb2 Qd5+ 54. Kg3 Kd7 55. Ra2 Qc5 56. Kh4 c3 57. Ra4 d2 58. Rd4+ Kc6 59. Rxd2 cxd2 60. Qxd2 Qe5 61. Qf2 Kb7 62. Qf5 Qxf5 63. gxf5 Kc6 64. Kg5 Kd7 1/2-1/2

[Event "European-ch Seniors 2018"]
[Site "Drammen"]
[Date "2018.08.07"]
[Round "4"]
[White "Elseth, Roar"]
[Black "Sielicki, Tomasz"]
[Result "1-0"]
[ECO "C63"]
[WhiteElo "2311"]
[BlackElo "1956"]
[Annotator "NA"]
[PlyCount "189"]
[EventDate "2018.08.04"]
[EventType "swiss"]
[EventCountry "NOR"]
[SourceTitle "playchess.com"]
[Source "ChessBase"]
[SourceQuality "1"]
[TimeControl "40/5400+30:1800+30"]

1. e4 e5 2. Nf3 Nc6 3. Bb5 f5 4. d3 fxe4 5. dxe4 Nf6 6. O-O Bc5 7. Nc3 O-O 8. Qe2 d6 9. Bxc6 bxc6 10. Qc4+ Kh8 11. Nxe5 Qe8 12. Nd3 Be6 13. Qa4 Bb6 14. Bf4 Qg6 15. Bg3 Nh5 16. Qxc6 Rad8 17. Kh1 Rf7 18. Bh4 Rdf8 19. Qa4 Qg4 20. e5 Nf4 21. Bg3 Bd7 22. Qe4 Nxd3 23. Qxg4 Bxg4 24. cxd3 Bxf2 25. Bxf2 Rxf2 26. Rxf2 Rxf2 27. Re1 dxe5 28. h3 Bd7 29. Rxe5 Kg8 30. Rc5 Rxb2 31. Rxc7 Bf5 32. d4 Rd2 33. d5 a5 34. a4 Rd3 35. Kg1 g5 36. Rc5 g4 37. hxg4 Bxg4 38. Ne4 Bf5 39. Nd6 Bd7 40. Rxa5 Rd4 41. Ra8+ Kg7 42. Ra7 Rxd5 43. Rxd7+ Kg6 44. Nf7 Ra5 45. Nh8+ Kh6 46. Rd4 Kg7 47. g4 Kxh8 48. Kf2 Kg7 49. Ke3 h5 50. gxh5 Rxh5 51. Kd3 Kf6 52. Kc4 Ke6 53. Kb4 Rh1 54. Kb5 Rb1+ 55. Ka6 Rb2 56. a5 Ke7 57. Ka7 Rb1 58. a6 Rb2 59. Rd5 Rb1 60. Ka8 Rb2 61. Rh5 Kd8 62. Rh7 Kc8 63. Rb7 Ra2 64. Rb6 Kc7 65. Ka7 Ra1 66. Rb3 Ra2 67. Rc3+ Kd7 68. Rc5 Rb2 69. Ka8 Rb1 70. Rh5 Kc7 71. Rh8 Rb2 72. Rh7+ Kc8 73. Ka7 Rb1 74. Rb7 Ra1 75. Rb5 Kc7 76. Rc5+ Kd7 77. Rc2 Rb1 78. Ka8 Rb3 79. a7 Rb1 80. Rh2 Kc7 81. Rh7+ Kc8 82. Rh8+ Kc7 83. Rb8 Ra1 84. Rb3 Kc8 85. Rc3+ Kd7 86. Rh3 Kc8 87. Rh5 Rb1 88. Rh8+ Kc7 89. Rb8 Ra1 90. Rb5 Kc8 91. Rc5+ Kd7 92. Kb7 Kd6 93. Rh5 Rb1+ 94. Ka6 Kc7 95. a8=Q 1-0

[Event "European-ch Seniors 2018"]
[Site "Drammen"]
[Date "2018.08.07"]
[Round "4"]
[White "Gaprindashvili, Nona"]
[Black "Gruzmann, Boris"]
[Result "1-0"]
[ECO "E73"]
[WhiteElo "2305"]
[BlackElo "2183"]
[Annotator "NA"]
[PlyCount "71"]
[EventDate "2018.08.04"]
[EventType "swiss"]
[EventCountry "NOR"]
[SourceTitle "playchess.com"]
[Source "ChessBase"]
[SourceQuality "1"]
[TimeControl "40/5400+30:1800+30"]

1. d4 Nf6 2. c4 d6 3. Nc3 g6 4. e4 Bg7 5. Be2 O-O 6. Bg5 h6 7. Be3 e5 8. d5 c6 9. g4 Qa5 10. f3 cxd5 11. cxd5 h5 12. h3 a6 13. Rb1 b5 14. b4 Qc7 15. Rc1 Qb7 16. Kf1 Nbd7 17. a4 bxa4 18. Qxa4 Rb8 19. Rb1 Ne8 20. Bd3 Nc7 21. Qc6 hxg4 22. hxg4 Re8 23. Nge2 Bf8 24. Kg2 Qxc6 25. dxc6 Nb6 26. Bxb6 Rxb6 27. Nd5 Nxd5 28. exd5 f5 29. gxf5 Bxf5 30. Bxf5 gxf5 31. Ng3 Rb5 32. Rhd1 Reb8 33. Nxf5 Rxb4 34. c7 Rxb1 35. Rxb1 Rc8 36. Ne7+ 1-0

[Event "European-ch Seniors 2018"]
[Site "Drammen"]
[Date "2018.08.07"]
[Round "4"]
[White "Werner, Clemens"]
[Black "Zhelesny, Stanislav"]
[Result "1-0"]
[ECO "B12"]
[WhiteElo "2258"]
[BlackElo "2077"]
[Annotator "NA"]
[PlyCount "67"]
[EventDate "2018.08.04"]
[EventType "swiss"]
[EventCountry "NOR"]
[SourceTitle "playchess.com"]
[Source "ChessBase"]
[SourceQuality "1"]
[TimeControl "40/5400+30:1800+30"]

1. e4 c6 2. d4 d5 3. e5 Bf5 4. Nf3 e6 5. Be2 Ne7 6. O-O Bg6 7. Nbd2 Bh5 8. b3 Ng6 9. Bb2 Be7 10. Re1 O-O 11. h3 Bxf3 12. Nxf3 Nd7 13. Qd2 c5 14. a4 Rc8 15. a5 Qc7 16. c4 cxd4 17. cxd5 Ndxe5 18. Nxe5 Nxe5 19. Bxd4 Bf6 20. Bxa7 exd5 21. Rad1 d4 22. b4 h6 23. Bb5 d3 24. Bc5 Be7 25. Rc1 Bxc5 26. Rxc5 Nc6 27. Bxc6 bxc6 28. Qxd3 Rfd8 29. Qc3 Qf4 30. b5 Rd2 31. Qe3 Qb4 32. bxc6 Rd3 33. Qe5 Kh7 34. Qf5+ 1-0

[Event "European-ch Seniors 2018"]
[Site "Drammen"]
[Date "2018.08.07"]
[Round "4"]
[White "Blechzin, Igor"]
[Black "Holst, Conny"]
[Result "0-1"]
[ECO "E11"]
[WhiteElo "2250"]
[BlackElo "2147"]
[Annotator "NA"]
[PlyCount "86"]
[EventDate "2018.08.04"]
[EventType "swiss"]
[EventCountry "NOR"]
[SourceTitle "playchess.com"]
[Source "ChessBase"]
[SourceQuality "1"]
[TimeControl "40/5400+30:1800+30"]

1. d4 Nf6 2. c4 e6 3. Nf3 Bb4+ 4. Nbd2 d6 5. e3 Nc6 6. Bd3 a5 7. O-O Bxd2 8. Bxd2 e5 9. d5 Ne7 10. e4 Ng6 11. Qa4+ Bd7 12. Qc2 b6 13. b3 O-O 14. a3 Nh5 15. g3 h6 16. Ne1 Bh3 17. Ng2 f5 18. exf5 Ne7 19. Qd1 Nf6 20. Qc2 Qd7 21. f4 Nxf5 22. fxe5 Nd4 23. Qc3 dxe5 24. Be3 c5 25. Bxd4 cxd4 26. Qc2 Rae8 27. Bf5 Bxf5 28. Qxf5 Qxf5 29. Rxf5 Ne4 30. Rxf8+ Rxf8 31. b4 a4 32. Ne1 Nc3 33. d6 e4 34. c5 d3 35. Ng2 Rd8 36. Ne3 bxc5 37. bxc5 Kf7 38. Kf2 Ke6 39. Rc1 Rf8+ 40. Kg2 Nd5 41. Nc4 e3 42. Re1 d2 43. Ra1 Rc8 0-1

[Event "European-ch Seniors 2018"]
[Site "Drammen"]
[Date "2018.08.07"]
[Round "4"]
[White "Ackermann, Hans Werner"]
[Black "Moen, Ole Christian"]
[Result "1/2-1/2"]
[ECO "A37"]
[WhiteElo "2246"]
[BlackElo "2228"]
[Annotator "NA"]
[PlyCount "89"]
[EventDate "2018.08.04"]
[EventType "swiss"]
[EventCountry "NOR"]
[SourceTitle "playchess.com"]
[Source "ChessBase"]
[SourceQuality "1"]
[TimeControl "40/5400+30:1800+30"]

1. Nf3 g6 2. g3 Bg7 3. Bg2 c5 4. c4 Nc6 5. Nc3 d6 6. d3 e5 7. a3 Nge7 8. Rb1 f5 9. h4 h6 10. Nd2 O-O 11. Nd5 f4 12. b4 cxb4 13. axb4 fxg3 14. fxg3 Bg4 15. Ne3 Be6 16. Ne4 Nd4 17. Bd2 Rc8 18. Nc3 Qd7 19. Qa4 b5 20. Nxb5 Nef5 21. Nf1 Rc7 22. Qa5 Nxb5 23. Qxb5 Qxb5 24. cxb5 Rb8 25. g4 Nd4 26. Ne3 Rxb5 27. Kf2 Rf7+ 28. Bf3 d5 29. Kg2 h5 30. gxh5 Nxf3 31. exf3 gxh5 32. Rhc1 Bf6 33. Rc6 Rb6 34. Rxb6 axb6 35. Rc1 Rg7+ 36. Kf1 Bxh4 37. Rc6 Rg6 38. Ke2 e4 39. dxe4 dxe4 40. b5 exf3+ 41. Kxf3 Kf7 42. Ke4 Bd7 43. Rxg6 Kxg6 44. Nd5 Bf2 45. Nf4+ 1/2-1/2

[Event "European-ch Seniors 2018"]
[Site "Drammen"]
[Date "2018.08.07"]
[Round "4"]
[White "Lederman, Leon S"]
[Black "Renman, Nils-Gustaf"]
[Result "1/2-1/2"]
[ECO "C19"]
[WhiteElo "2245"]
[BlackElo "2348"]
[Annotator "NA"]
[PlyCount "87"]
[EventDate "2018.08.04"]
[EventType "swiss"]
[EventCountry "NOR"]
[SourceTitle "playchess.com"]
[Source "ChessBase"]
[SourceQuality "1"]
[TimeControl "40/5400+30:1800+30"]

1. e4 e6 2. d4 d5 3. Nc3 Bb4 4. e5 Ne7 5. a3 Bxc3+ 6. bxc3 c5 7. a4 b6 8. a5 bxa5 9. Ba3 Nd7 10. Nf3 Qc7 11. Qd2 Rb8 12. Bd3 Rb6 13. Qg5 Kf8 14. Qh5 h6 15. O-O Ba6 16. Rfc1 Kg8 17. Qh4 g5 18. Qh5 Bxd3 19. cxd3 Ng6 20. g3 Kg7 21. c4 dxc4 22. Rxc4 Qb8 23. Rac1 Rb1 24. Bxc5 Rxc1+ 25. Rxc1 Qb2 26. Rc4 Qb1+ 27. Kg2 Qxd3 28. Rc1 Rc8 29. Qg4 Nxc5 30. dxc5 Qd5 31. Qd4 Qxd4 32. Nxd4 Nxe5 33. c6 Nd3 34. Rc4 Nb4 35. Rc5 a6 36. Kf3 e5 37. Rxe5 Nxc6 38. Nxc6 Rxc6 39. Rxa5 Kg6 40. h4 f6 41. Kg4 f5+ 42. Kf3 Rf6 43. hxg5 hxg5 44. g4 1/2-1/2

[Event "European-ch Seniors 2018"]
[Site "Drammen"]
[Date "2018.08.07"]
[Round "4"]
[White "Furman, Boris"]
[Black "Anguera Maestro, Jaime"]
[Result "1/2-1/2"]
[ECO "D30"]
[WhiteElo "2242"]
[BlackElo "2042"]
[Annotator "NA"]
[PlyCount "84"]
[EventDate "2018.08.04"]
[EventType "swiss"]
[EventCountry "NOR"]
[SourceTitle "playchess.com"]
[Source "ChessBase"]
[SourceQuality "1"]
[TimeControl "40/5400+30:1800+30"]

1. d4 d5 2. c4 e6 3. cxd5 exd5 4. Nc3 c6 5. Qc2 g6 6. Bf4 Bf5 7. Qd2 Nd7 8. f3 Ngf6 9. g4 Be6 10. e3 Nb6 11. Bd3 Bd6 12. Nge2 Qe7 13. Rc1 Rc8 14. h4 h5 15. g5 Nfd7 16. Bxd6 Qxd6 17. Nf4 Nf8 18. a3 Rd8 19. Kf2 Bc8 20. Nce2 Ne6 21. Qa5 O-O 22. Qxa7 Nd7 23. Qa4 Rfe8 24. Bb1 Ndf8 25. Qb4 Qxb4 26. axb4 Nxf4 27. Nxf4 Ne6 28. Nd3 Ng7 29. Ne5 Bf5 30. Ba2 Be6 31. Rc5 Nf5 32. b5 cxb5 33. Rxb5 Re7 34. Rc5 Kg7 35. Bb1 Nd6 36. Bd3 Ra8 37. Rhc1 Ra2 38. R1c2 Ra1 39. e4 Rh1 40. exd5 Bf5 41. Bxf5 Nxf5 42. Rc7 Rh2+ 1/2-1/2

[Event "European-ch Seniors 2018"]
[Site "Drammen"]
[Date "2018.08.07"]
[Round "4"]
[White "Karason, Askell Orn"]
[Black "Stebbings, Anthony"]
[Result "1/2-1/2"]
[ECO "E21"]
[WhiteElo "2217"]
[BlackElo "2265"]
[Annotator "NA"]
[PlyCount "73"]
[EventDate "2018.08.04"]
[EventType "swiss"]
[EventCountry "NOR"]
[SourceTitle "playchess.com"]
[Source "ChessBase"]
[SourceQuality "1"]
[TimeControl "40/5400+30:1800+30"]

1. d4 Nf6 2. c4 e6 3. Nc3 Bb4 4. Nf3 c5 5. g3 Bxc3+ 6. bxc3 Qa5 7. Bd2 b6 8. Bg2 Bb7 9. O-O O-O 10. d5 Qa6 11. Bg5 Ne4 12. Qc2 f5 13. Bf4 Qxc4 14. Ne5 Qa6 15. dxe6 d5 16. f3 Nd6 17. Nd7 Nxd7 18. Bxd6 Rf6 19. exd7 Rxd6 20. Qxf5 Rf8 21. Qe5 Rxd7 22. Qe6+ Rdf7 23. f4 Kh8 24. Bxd5 Bxd5 25. Qxd5 Qxe2 26. Rae1 Qb5 27. Re6 Rd7 28. Qe5 Rd2 29. Re7 Rg8 30. Rf2 Qb1+ 31. Kg2 Rxf2+ 32. Kxf2 Qxa2+ 33. Kf3 Qxh2 34. Rxg7 Qh1+ 35. Kf2 Rxg7 36. Qe8+ Rg8 37. Qe5+ 1/2-1/2

[Event "European-ch Seniors 2018"]
[Site "Drammen"]
[Date "2018.08.07"]
[Round "4"]
[White "Biro, Sandor"]
[Black "Johansen, Arild"]
[Result "1-0"]
[ECO "B30"]
[WhiteElo "2193"]
[BlackElo "1935"]
[Annotator "NA"]
[PlyCount "63"]
[EventDate "2018.08.04"]
[EventType "swiss"]
[EventCountry "NOR"]
[SourceTitle "playchess.com"]
[Source "ChessBase"]
[SourceQuality "1"]
[TimeControl "40/5400+30:1800+30"]

1. e4 c5 2. Nf3 Nc6 3. c3 Nf6 4. e5 Nd5 5. Bc4 e6 6. O-O Be7 7. d4 cxd4 8. cxd4 d6 9. Qe2 Nb6 10. Bb3 d5 11. Nc3 O-O 12. Rd1 Bd7 13. Bc2 Nb4 14. Bb1 Na4 15. Nxa4 Bxa4 16. b3 Bd7 17. a3 Nc6 18. Qd3 g6 19. Bh6 Re8 20. Qe3 f5 21. exf6 Bxf6 22. Ne5 Nxe5 23. dxe5 Bg7 24. Bf4 Qb6 25. Qg3 Rf8 26. h4 Rf7 27. Bd3 Raf8 28. Be3 Qc7 29. f4 a6 30. h5 gxh5 31. Qh3 Bh6 32. Qxh5 1-0

[Event "European-ch Seniors 2018"]
[Site "Drammen"]
[Date "2018.08.07"]
[Round "4"]
[White "Gayson, Peter M"]
[Black "Bjerke, Richard"]
[Result "1/2-1/2"]
[ECO "C56"]
[WhiteElo "2150"]
[BlackElo "2141"]
[Annotator "NA"]
[PlyCount "37"]
[EventDate "2018.08.04"]
[EventType "swiss"]
[EventCountry "NOR"]
[SourceTitle "playchess.com"]
[Source "ChessBase"]
[SourceQuality "1"]
[TimeControl "40/5400+30:1800+30"]

1. e4 e5 2. Nf3 Nc6 3. d4 exd4 4. Bc4 Nf6 5. O-O Nxe4 6. Re1 d5 7. Bxd5 Qxd5 8. Nc3 Qh5 9. Nxe4 Be6 10. Bg5 Bd6 11. Nxd6+ cxd6 12. Bf4 Qd5 13. c3 Rc8 14. Nxd4 Nxd4 15. Qxd4 Qxd4 16. cxd4 d5 17. Rac1 Kd7 18. Rxc8 Rxc8 19. Rc1 1/2-1/2

[Event "European-ch Seniors 2018"]
[Site "Drammen"]
[Date "2018.08.07"]
[Round "4"]
[White "Jensen, Thore Nyboe"]
[Black "Blomstrom, Lars"]
[Result "0-1"]
[ECO "B10"]
[WhiteElo "2083"]
[BlackElo "2167"]
[Annotator "NA"]
[PlyCount "54"]
[EventDate "2018.08.04"]
[EventType "swiss"]
[EventCountry "NOR"]
[SourceTitle "playchess.com"]
[Source "ChessBase"]
[SourceQuality "1"]
[TimeControl "40/5400+30:1800+30"]

1. e4 c6 2. Nc3 d5 3. Nf3 dxe4 4. Nxe4 Nf6 5. Nxf6+ exf6 6. d4 Bd6 7. Be2 O-O 8. O-O Re8 9. Be3 Nd7 10. c4 Nf8 11. Ne1 f5 12. Nd3 Ng6 13. Re1 f4 14. Bd2 Bf5 15. Bf1 Qf6 16. Bc3 Qg5 17. Qd2 Nh4 18. Kh1 Be4 19. f3 Bxd3 20. Bxd3 Re3 21. Re2 Rae8 22. Rae1 Qe7 23. d5 c5 24. Rxe3 fxe3 25. Qc2 Qg5 26. Rf1 e2 27. Bxe2 Qxg2# 0-1

[Event "European-ch Seniors 2018"]
[Site "Drammen"]
[Date "2018.08.07"]
[Round "4"]
[White "Goncharov, Viktor"]
[Black "Barle, Janez"]
[Result "0-1"]
[ECO "D31"]
[WhiteElo "2041"]
[BlackElo "2249"]
[Annotator "NA"]
[PlyCount "82"]
[EventDate "2018.08.04"]
[EventType "swiss"]
[EventCountry "NOR"]
[SourceTitle "playchess.com"]
[Source "ChessBase"]
[SourceQuality "1"]
[TimeControl "40/5400+30:1800+30"]

1. d4 d5 2. c4 e6 3. Nc3 Bb4 4. Qb3 Nc6 5. Nf3 Nf6 6. Bd2 O-O 7. e3 a5 8. Rd1 Ne4 9. cxd5 Nxd2 10. Nxd2 exd5 11. a3 a4 12. Qc2 Ba5 13. Bd3 Re8 14. Bxh7+ Kh8 15. Nf3 Bg4 16. Bf5 Bxf3 17. gxf3 Qh4 18. O-O Ne7 19. Kh1 g6 20. Bd3 Qh3 21. Qe2 c6 22. Rg1 Bc7 23. f4 f5 24. Rg3 Qh4 25. Qf3 Kg7 26. Rh3 Qf6 27. Rg1 Rh8 28. Rxh8 Kxh8 29. Rc1 Bd6 30. Kg2 Kg7 31. Qg3 Kf7 32. Qg5 Qg7 33. Ne2 Rh8 34. Kf3 Rxh2 35. Ng3 Qh7 36. Rg1 Ke8 37. Qf6 Kd7 38. Rg2 Rh3 39. Qg5 Ke6 40. Bf1 Rh4 41. Rg1 Rg4 0-1

[Event "European-ch Seniors 2018"]
[Site "Drammen"]
[Date "2018.08.07"]
[Round "4"]
[White "Johnsen, Sylvia"]
[Black "Birkholz, Olga"]
[Result "0-1"]
[ECO "A25"]
[WhiteElo "1977"]
[BlackElo "2048"]
[Annotator "NA"]
[PlyCount "88"]
[EventDate "2018.08.04"]
[EventType "swiss"]
[EventCountry "NOR"]
[SourceTitle "playchess.com"]
[Source "ChessBase"]
[SourceQuality "1"]
[TimeControl "40/5400+30:1800+30"]

1. c4 g6 2. Nc3 Bg7 3. g3 e5 4. Bg2 Nc6 5. d3 Nge7 6. Bg5 f6 7. Bd2 O-O 8. h4 h6 9. e3 d6 10. Nge2 Nb4 11. Qb1 c6 12. a3 Na6 13. b4 Nc7 14. d4 Be6 15. d5 cxd5 16. cxd5 Bf7 17. e4 Be8 18. a4 f5 19. b5 b6 20. Qd3 a6 21. Rc1 axb5 22. Nxb5 Na6 23. Nec3 Nc5 24. Qc4 fxe4 25. Bxe4 Nf5 26. Bc2 Nd4 27. Nxd4 exd4 28. Nb5 d3 29. Bxd3 Rxa4 30. Qc2 Qe7+ 31. Be3 Rb4 32. Rb1 Nxd3+ 33. Kd2 Rxb5 34. Qxd3 Rxb1 35. Rxb1 b5 36. Rb3 Rf5 37. g4 Rf8 38. Ra3 Qxh4 39. Qe4 Qf6 40. Ra7 Qe5 41. Qxe5 Bxe5 42. Bxh6 Rxf2+ 43. Kd3 Bf7 44. Be3 Rb2 0-1

[Event "European-ch Seniors 2018"]
[Site "Drammen"]
[Date "2018.08.07"]
[Round "4"]
[White "Baliuniene, Margarita"]
[Black "Strutinskaia, Galina"]
[Result "0-1"]
[ECO "A06"]
[WhiteElo "1937"]
[BlackElo "2208"]
[Annotator "NA"]
[PlyCount "96"]
[EventDate "2018.08.04"]
[EventType "swiss"]
[EventCountry "NOR"]
[SourceTitle "playchess.com"]
[Source "ChessBase"]
[SourceQuality "1"]
[TimeControl "40/5400+30:1800+30"]

1. Nf3 d5 2. g3 c6 3. Bg2 Bf5 4. d4 e6 5. Nbd2 Nf6 6. O-O h6 7. c4 Be7 8. Ne5 O-O 9. Ndf3 Ne4 10. Qb3 Qc8 11. Bf4 f6 12. Nd3 Nd7 13. Rac1 g5 14. Be3 Rb8 15. cxd5 exd5 16. Nd2 Kg7 17. f3 Nd6 18. Bf2 Nb6 19. e4 Be6 20. e5 Ndc4 21. Qc3 Bf5 22. b3 Na3 23. Nc5 Nd7 24. g4 Nxc5 25. gxf5 Na6 26. e6 Nb4 27. Ra1 Nb5 28. Qe3 Nc2 29. Qd3 Nxa1 30. Rxa1 Bd6 31. a4 Nc7 32. Nf1 Rh8 33. Ne3 Na6 34. Rc1 Nb4 35. Qd2 a5 36. Bg3 Qc7 37. Kf2 h5 38. Re1 Kf8 39. Rh1 Ke7 40. Bxd6+ Qxd6 41. h4 Qf4 42. hxg5 Qxg5 43. Qe2 Qf4 44. Qd1 h4 45. Bh3 Rbg8 46. Ng4 Rg5 47. Ne3 Rhg8 48. Bg4 Rxg4 0-1